 Dungeon Crawl Stone Soup version 0.27-a0-1281-ge233d83751 (webtiles) character file.

Game seed: 8849485992118665652

1731 Zonian the Destroyer (level 9, -2/51 HPs)
             Began as a Tengu Conjurer on June 14, 2021.
             Was an Initiate of Vehumet.
             Slain by Maggie (4 damage)
             ... on level 7 of the Dungeon.
             The game lasted 00:15:15 (11294 turns).

Zonian the Destroyer (Tengu Conjurer)              Turns: 11294, Time: 00:15:15

Health: -2/51      AC:  2    Str: 14    XL:     9   Next: 5%
Magic:  0/19       EV: 16    Int: 26    God:    Vehumet [......]
Gold:   240        SH:  0    Dex: 14    Spells: 17/20 levels left

rFire    . . .     SeeInvis .   q - staff of conjuration
rCold    . . .     Faith    .   (no shield)
rNeg     . . .     Spirit   .   a - +0 robe
rPois    .         Reflect  .   (helmet restricted)
rElec    .         Harm     .   (no cloak)
rCorr    .         Rampage  .   (no gloves)
Will     .....                  (boots unavailable)
Stlth    +++.......             (no amulet)
HPRegen  0.17/turn              g - +6 ring of intelligence
MPRegen  0.16/turn              l - +6 ring of strength

@: about to teleport, flying quickly and evasively, mesmerised, quick
A: beak, talons 3, nimble flight
a: Renounce Religion


You were on level 7 of the Dungeon.
You worshipped Vehumet.
Vehumet was noncommittal.
You visited 1 branch of the dungeon, and saw 7 of its levels.
You also visited: Sewer.

You collected 240 gold pieces.

Inventory:

Hand Weapons
 c - a +0 whip
 d - a +0 dagger
 m - a +1 dagger of draining
 o - a +1 hand axe of electrocution
 u - a +2 war axe of freezing
Missiles
 t - 2 boomerangs of dispersal
Armour
 a - a +0 robe (worn)
 h - a +0 buckler
Magical Staves
 q - a staff of conjuration (weapon)
Jewellery
 g - a +6 ring of intelligence (left hand)
 l - a +6 ring of strength (right hand)
Scrolls
 e - 9 scrolls of teleportation
 j - 3 scrolls of magic mapping
Potions
 b - 2 potions of heal wounds
 f - 4 potions of curing
 i - a potion of cancellation {unknown}
 k - 3 potions of might
 n - a potion of brilliance {unknown}
 p - a potion of attraction {unknown}
 s - a potion of flight {unknown}


   Skills:
 + Level 3.2 Fighting
 - Level 1.2 Short Blades
 - Level 1.3 Axes
 + Level 4.4 Dodging
 + Level 5.1 Stealth
 + Level 6.1 Spellcasting
 + Level 9.6 Conjurations


You had 17 spell levels left.
You knew the following spells:

 Your Spells              Type           Power      Damage    Failure   Level
a - Magic Dart            Conj           100%       1d8       1%          1
b - Searing Ray           Conj           100%       3d7       1%          2

Your spell library contained the following spells:

 Spells                   Type           Power      Damage    Failure   Level
 Dazzling Flash           Conj/Hex       98%        N/A       2%          3
 Apportation              Tloc           14%        N/A       7%          1
 Freeze                   Ice            28%        1d5       7%          1
 Fulminant Prism          Conj/Hex       24%        3d13      10%         4
 Hailstorm                Conj/Ice       49%        3d11      10%         4
 Iskenderun's Mystic Bla  Conj/Tloc      49%        2d11      10%         4
 Frozen Ramparts          Ice            14%        1d3       21%         3
 Lesser Beckoning         Tloc           3%         N/A       21%         3
 Ozocubu's Armour         Ice            7%         N/A       21%         3
 Tukima's Dance           Hex            7%         N/A       21%         3
 Alistair's Intoxication  Tmut/Pois      4%         N/A       88%         5
 Metabolic Englaciation   Hex/Ice        3%         N/A       88%         5
 Invisibility             Hex            3%         N/A       100%        6


Dungeon Overview and Level Annotations

Branches:
Dungeon (7/15)              Sewer (visited)
 Temple: D:4-7

Altars:
Elyvilon
Gozag
Qazlal
Vehumet

Annotations:
D:4 2 transporters, AcesWolf's ghost, amateur GnWn
D:7 Joseph; Maggie


Innate Abilities, Weirdness & Mutations

You have a beak for a mouth.
You have claws for feet.
Your magical nature lets you fly swiftly and evasively.


Message History

Press: ? - help, Shift-Dir - straight line, f/p - orc warrior
Aim: an orc warrior, wielding a +2 trident of pain, wearing a +0 plate armour and quivering boomerangs (almost dead, 83% to hit)
You feel a surge of power!
The searing ray hits the orc warrior.
You kill the orc warrior!
Vehumet accepts your kill. (Press . to maintain the ray.) Maggie zaps a wand.
The puff of flame misses you.
You have reached level 9!
Your experience leads to an increase in your attributes!
Your base attributes are Str 8, Int 20, Dex 13.
Increase (S)trength, (I)ntelligence, or (D)exterity?
You feel agile.
Okay, then.
As you read the scroll of teleportation, it crumbles to dust.
You feel strangely unstable.
Casting: Searing Ray (safe; 1% risk of failure)
Confirm with . or Enter, or press ? or * to list all spells.
Aiming: Searing Ray (safe; 1% risk of failure)
Press: ? - help, Shift-Dir - straight line, f - Maggie
Aim: Maggie, wielding a +2 glaive of flaming, wearing +0 acid dragon scales and carrying a wand of flame (21) (lightly wounded, mesmerising, 83% to hit)
You feel a surge of power!
The searing ray hits Maggie!
Maggie is moderately wounded.
The searing ray misses the orc. (Press . to maintain the ray.) Maggie points at you and mumbles some strange words.
The bolt of fire misses you.
Casting: Searing Ray (safe; 1% risk of failure)
Confirm with . or Enter, or press ? or * to list all spells.
Aiming: Magic Dart (safe; 1% risk of failure)
Press: ? - help, Shift-Dir - straight line, f/p - Maggie
Aim: Maggie, wielding a +2 glaive of flaming, wearing +0 acid dragon scales and carrying a wand of flame (21) (moderately wounded, mesmerising, 100% to hit)
You feel a surge of power!
The magic dart hits Maggie.
Maggie is moderately wounded.
Maggie zaps a wand.
The puff of flame hits you!
You aren't carrying any items that you can evoke.
Unknown command.
Maggie hits you with a +2 glaive of flaming!!
* * * LOW HITPOINT WARNING * * *
Maggie burns you.
You die...

#...........#
#...........#
............#
#............##
##.........#..#
##.......###.##
# ##.....##
#..# # ...#
##.## .# #.#
#)@# .# ##
##@## . #o.#
##)## #..##
##..# #..#
..... .......o


You could see Maggie (mesmerising) and an orc.

Vanquished Creatures
  A water moccasin (D:6)
  A sky beast (D:6)
  2 orc warriors
  An ice beast (D:5)
  A necrophage (D:5)
  A centaur (D:6)
  3 scorpions (D:5)
  2 wyvern skeletons (D:6)
  A wight (D:6)
  A centaur zombie (D:5)
  2 jellies (D:5)
  3 hounds
  A gnoll shaman (D:5)
  2 orc priests (D:6)
  4 iguanas
  2 orc wizards
  A hound zombie (D:5)
  2 howler monkey zombies
  8 gnolls
  10 adders
  A river rat (Sewer)
  4 worms
  2 dart slugs
  20 orcs
  4 bats
  8 endoplasms
  6 giant cockroaches
  7 goblins
  4 hobgoblins
  5 jackals
  6 kobolds
  3 quokkas
  11 ball pythons
  10 frilled lizards
  7 rats
147 creatures vanquished.

Vanquished Creatures (others)
  2 orcs (D:7)
  38 plants
40 creatures vanquished.

Grand Total: 187 creatures vanquished

Notes
Turn   | Place    | Note
-------+----------+-------------------------------------------
     0 | D:1      | Zonian the Tengu Conjurer began the quest for the Orb.
     0 | D:1      | Reached XP level 1. HP: 10/10 MP: 4/4
   369 | D:1      | Found a faded altar of an unknown god.
   414 | D:1      | Reached XP level 2. HP: 15/15 MP: 4/6
   536 | D:1      | Learned a level 2 spell: Searing Ray
   626 | D:1      | Reached skill level 6 in Conjurations
   801 | D:1      | Reached XP level 3. HP: 19/19 MP: 5/7
  1963 | D:2      | Found a white marble altar of Elyvilon.
  1969 | D:2      | Reached XP level 4. HP: 24/24 MP: 6/8
  2498 | D:2      | Gained mutation: Your magical nature lets you fly swiftly
                  | and evasively. [Tengu growth]
  2498 | D:2      | Reached XP level 5. HP: 28/28 MP: 2/10
  3141 | D:3      | Reached skill level 7 in Conjurations
  3377 | D:3      | Found a glowing drain.
  3392 | Sewer    | Entered a sewer
  5041 | D:4      | Reached XP level 6. HP: 32/32 MP: 6/13
  6220 | D:4      | Noticed an orc warrior
  6275 | D:4      | Killed an orc warrior
  6750 | D:4      | Identified the +5 spear "Lesil" {chaos, rElec Str+3}
  6808 | D:4      | Found a transporter.
  6808 | D:4      | Found a transporter.
  6834 | D:4      | Noticed AcesWolf's ghost (amateur GnWn)
  6864 | D:5      | Entered Level 5 of the Dungeon
  6896 | D:5      | Found an opulent altar of Gozag.
  6905 | D:5      | Reached skill level 1 in Short Blades
  6905 | D:5      | Reached XP level 7. HP: 36/36 MP: 10/14
  6995 | D:5      | Reached skill level 8 in Conjurations
  7506 | D:5      | Reached skill level 1 in Fighting
  7506 | D:5      | Reached skill level 5 in Spellcasting
  7736 | D:5      | Reached skill level 1 in Axes
  8104 | D:5      | Reached XP level 8. HP: 43/43 MP: 12/16
  9279 | D:6      | Reached skill level 9 in Conjurations
  9570 | D:6      | Found a stormy altar of Qazlal.
  9614 | D:6      | Found a radiant altar of Vehumet.
  9682 | D:6      | Became a worshipper of Vehumet
 10665 | D:7      | Noticed Maggie
 11073 | D:7      | Noticed Joseph
 11279 | D:7      | Reached skill level 5 in Stealth
 11288 | D:7      | HP: 2/46 [orc warrior (2)]
 11291 | D:7      | Reached XP level 9. HP: 26/51 MP: 3/19
 11294 | D:7      | HP: 2/51 [Maggie (18)]
 11294 | D:7      | Slain by Maggie

Illustrated notes

Levels and vault maps discovered:
D:1:      roderic_crop_circles_arrival_small, layout_rooms,
          ebering_ecumenical_altar_sacrificial, serial_park_tiny_1
D:2:      layout_rooms, basic_altar, minmay_tromino_v4_c
D:3:      layout_loops_ring, portal_sewer_entry_f
D:4:      layout_rooms, serial_glass, glass_columns_b, glass_columns_b,
          glass_columns_a, due_unseen_surprise, gammafunk_ghost_gnarly_gnolls,
          kennysheep_pointless_box
D:5:      layout_rooms, nicolae_gozag_seed_capital, grunt_ministairs_4,
          st_stairs_11
D:6:      layout_rooms, nicolae_vehumet_altar_sigil, grunt_qazlal_sundering
D:7:      layout_cave_pods, dancing_weapons_uskayaw, minmay_temple_entry_mist,
          hex_medium, uniq_joseph, uniq_maggie

Skill      XL: |  1  2  3  4  5  6  7  8 |
---------------+-------------------------+-----
Conjurations   | 6 7 8 9 |  9.6
Spellcasting   | 3 4 5 6 |  6.1
Stealth        | 3 5 |  5.1
Short Blades   | 1 |  1.2
Fighting       | 1 3 |  3.2
Axes           | 1 |  1.3
Dodging        | 4 |  4.4

Action                   |  1- 3 |  4- 6 |  7- 9 || total
-------------------------+-------+-------+-------++-------
Melee: Unarmed           |     9 |       |       ||     9
       Kick              |     5 |     3 |     4 ||    12
       Dagger            |    14 |    13 |       ||    27
       Peck              |     2 |     5 |     4 ||    11
       Hand axe          |       |       |    25 ||    25
       Staff             |       |       |     4 ||     4
 Cast: Magic Dart        |    67 |   119 |   110 ||   296
       Searing Ray       |       |    14 |    24 ||    38
  Use: Scroll            |       |     6 |     7 ||    13
       Potion            |       |     1 |     1 ||     2
 Stab: Sleeping          |       |     3 |       ||     3
Armor: Robe              |     8 |     1 |     9 ||    18
Dodge: Dodged            |    15 |    16 |    49 ||    80

Table legend: (Time is in decaauts)
 A = Elapsed time spent in this place.
 B = Non-inter-level travel time spent in this place.
 C = Inter-level travel time spent in this place.
 D = Time resting spent in this place.
 E = Time spent auto-exploring this place.
 F = Levels seen in this place.
 G = Mean time per level.
                   A        B        C        D        E       F      G
               +--------+--------+--------+--------+--------+-----+--------+
         Total |  11028 |  10892 |    136 |   6345 |   3269 |   8 | 1378.5 |
       Dungeon |   9910 |   9774 |    136 |   5609 |   3037 |   7 | 1415.7 |
         Sewer |   1118 |   1118 |      0 |    736 |    232 |   1 | 1118.0 |
               +--------+--------+--------+--------+--------+-----+--------+

Top non-repeatable levels by time:
     D:5: 2344 daAuts
     D:4: 1853 daAuts
     D:2: 1660 daAuts
     D:6: 1620 daAuts
     D:1: 1381 daAuts
   Sewer: 1118 daAuts
     D:3: 682 daAuts
     D:7: 368 daAuts
